 Dungeon Crawl Stone Soup version 0.31.0-9-g3a7656b989 (webtiles) character file.

Game seed: 11492130795159739451

33 qw the Shooter (level 3, -3/18 HPs)
             Began as a Spriggan Hunter on Feb 2, 2024.
             Slain by a goblin
             ... wielding a +0 dagger
             ... led by Robin
              (5 damage)
             ... on level 2 of the Dungeon.
             The game lasted 00:00:02 (673 turns).

qw the Shooter (Spriggan Hunter)                     Turns: 673, Time: 00:00:02

Health: -3/18      AC:  2    Str:  7    XL:     3   Next: 12%
Magic:  4/4        EV: 19    Int: 10    God:
Gold:   27         SH:  0    Dex: 20    Spells: 2/2 levels left

rFire   . . .        a - +0 shortbow
rCold   . . .        (shield currently unavailable)
rNeg    . . .        c - +0 robe
rPois   .            (helmet restricted)
rElec   .            (no cloak)
rCorr   .            (gloves unavailable)
SInv    +            (boots unavailable)
Will    .....        (no amulet)
Stlth   ++           (no ring)
HPRegen 0.23/turn    (no ring)
MPRegen 0.09/turn

%: no passive effects
@: very quick
A: very small, no large weapons, unfitting armour, see invisible, speed 3
a: no special abilities


You were on level 2 of the Dungeon.
You visited 1 branch of the dungeon, and saw 2 of its levels.

You collected 27 gold pieces.


Innate Abilities, Weirdness & Mutations

You are very small and have problems with some larger weapons.
You are too small for most types of armour.
You have supernaturally acute eyesight. (SInv)
You cover ground extremely quickly. (Speed+++)


   Skills:
 - Level 1.5 Fighting
 + Level 4.5 Ranged Weapons
 - Level 4.0 Dodging
 - Level 1.5 Stealth


You had 2 spell levels left.
You didn't know any spells.
Your spell library was empty.

Inventory:

Hand Weapons
 a - a +0 shortbow (weapon)
Armour
 c - a +0 robe (worn)
Scrolls
 f - a scroll of identify

Dungeon Overview and Level Annotations

Branches:
Dungeon (2/15)

Altars:

Shops:
D:1 *

Annotations:
D:2 Robin


Message History

A goblin comes into view. It is wielding a +0 dagger.
The goblin misses you.
A hobgoblin comes into view.
You shoot an arrow. The arrow hits the ribbon worm!
The ribbon worm is severely wounded.
The goblin hits you with a +0 dagger.
The ribbon worm expels a string of sticky webbing.
The stream of webbing hits you but does no damage.
You are caught in a web!
The web tears apart.
The ribbon worm expels a string of sticky webbing.
The stream of webbing misses you.
You shoot an arrow.
The arrow barely misses the ribbon worm.
The arrow barely misses the goblin. x2
A goblin comes into view. It is wielding a +0 dagger.
The goblin closely misses you. The goblin hits you with a +0 dagger.
The ribbon worm misses you.
You shoot an arrow. The arrow hits the ribbon worm.
The ribbon worm is heavily wounded.
You hear a shout!
Robin of the Strong Arm comes into view.
They are wielding a +2 falchion of draining.
The goblin completely misses you. x2
You shoot an arrow. The arrow hits the ribbon worm!
You kill the ribbon worm!
You hear a shout!
Robin throws the goblin at you! The goblin hits you with a +0 dagger.
The goblin completely misses you. x2; The goblin hits you with a +0 dagger.
Robin roars a battlecry!
The goblins go into a battle-frenzy!
A goblin comes into view. It is wielding a +0 dagger.
The goblin hits you with a +0 club. The goblin closely misses you. x2
You shoot an arrow. The arrow hits the goblin.
You kill the goblin!
The goblin hits you with a +0 dagger. The goblin hits you but does no damage.
The goblin barely misses you. Robin throws the goblin at you!
You shoot an arrow. The arrow hits the hobgoblin.
The hobgoblin is almost dead.
The goblin hits you with a +0 dagger.
You die...

........## #...
..#####..##.[... #.#
##..........
#.###..##...#..
#.#...#......... .
#...###.#..##... ...
#<.###..#.#..... ....
........(...#######.g.).
....##....### #g@gg.)$..
....##.#### ##gggg..###
##.###.# #..####...#
#.....#######..### #.#
###...##.........# .
#..###......)..#
#..###..........>..
#..#...........####
#....#.........#


You could see Robin, a hobgoblin (strong) and 6 goblins.

Vanquished Creatures
  A ribbon worm (D:2)
  4 ball pythons
  2 bats (D:2)
  5 endoplasms
  A giant cockroach (D:2)
  7 goblins
  3 hobgoblins (D:1)
  2 kobolds
  A rat (D:2)
26 creatures vanquished.

Notes
Turn   | Place    | Note
-------+----------+-------------------------------------------
     0 | D:1      | qw the Spriggan Hunter began the quest for the Orb.
     0 | D:1      | Reached XP level 1. HP: 10/10 MP: 2/2
     0 | D:1      | 0 ||| qw: Version: 0.3-a-155-g5e7d8dd
     0 | D:1      | 0 ||| qw: Game counter: 1052
     0 | D:1      | 0 ||| qw: Melee chars always use a shield: true
     0 | D:1      | 0 ||| qw: God list: Okawaru
     0 | D:1      | 0 ||| qw: Allow faded altars: false
     0 | D:1      | 0 ||| qw: Do Orc after clearing Dungeon:15 true
     0 | D:1      | 0 ||| qw: Do second Lair branch before Depths: true
     0 | D:1      | 0 ||| qw: Lair rune preference: random
     0 | D:1      | 0 ||| qw: Goals: Normal
     0 | D:1      | 0 ||| PLANNING D:1-11
    86 | D:1      | Reached skill level 3 in Dodging
   171 | D:1      | Reached XP level 2. HP: 14/14 MP: 3/3
   284 | D:1      | Found Dautez's General Store.
   291 | D:1      | 291 ||| SHOPLISTING 2 potions of curing (78 gold, have 19).
   291 | D:1      | 291 ||| SHOPLISTING scroll of identify (26 gold, have 19).
   542 | D:1      | 542 ||| READING scroll labelled OPHUQ JOILIPAL.
   543 | D:1      | 543 ||| READING scroll labelled JOUWKU USTEEJ.
   548 | D:1      | 548 ||| READING 2 scrolls labelled BIECKUDWYU.
   549 | D:1      | 549 ||| DROPPING scroll of butterflies.
   664 | D:2      | Reached XP level 3. HP: 18/18 MP: 4/4
   670 | D:2      | Noticed Robin
   672 | D:2      | HP: 3/18 [goblin/+0 dagger[Robin] (4)]
   672 | D:2      | HP: 1/18 [Robin/goblin (2)]
   673 | D:2      | Slain by a goblin

Levels and vault maps discovered:
D:1:      saegor_arrival_simple_d, layout_loops_ring, serial_shops, shop
D:2:      layout_rooms, basic_altar, minmay_misc_feat_diagonals,
          kennysheep_boxes, uniq_robin, uniq_jessica

Skill      XL: |  1  2 |
---------------+-------+-----
Dodging        | 3 4 |  4.0
Fighting       | |  1.5
Ranged Weapons | |  4.5
Stealth        | |  1.5

Action                     || total
---------------------------++-------
   Fire: Shortbow          ||    68
    Use: Scroll            ||     3
 Armour: Robe              ||    14
  Dodge: Dodged            ||    27

Table legend:
 A = Non-vault XP
 B = Vault XP
 C = Vault XP percentage of total XP
 D = Non-vault monster count
 E = Vault monster count
 F = Vault count percentage of total count
                 A         B        C        D         E       F
            +---------+---------+-------+---------+---------+-------
      Total |      38 |      10 |  20.8 |      21 |       5 |  19.2
            +---------+---------+-------+---------+---------+-------
        D:1 |      24 |       0 |   0.0 |      13 |       0 |   0.0
        D:2 |      14 |      10 |  41.7 |       8 |       5 |  38.5
            +---------+---------+-------+---------+---------+-------
